Calgary Flames vs Montreal Canadiens
Created - Tuesday, June 20, 2023 at 07:08
Goals
|
| Calgary Flames |
0 |
4 |
1 |
5 |
| Montreal Canadiens |
0 |
0 |
0 |
0 |
|
Shots
|
| Calgary Flames |
12 |
18 |
9 |
39 |
| Montreal Canadiens |
5 |
17 |
8 |
30 |
|
1st period
No Goal
Penalties :
Patrik Laine (MTL) for Goalie Interference (Minor) at 2:17, Jeff Petry (CGY) for Holding (Minor) at 9:40, Thatcher Demko (CGY) for Slashing (Minor) at 16:48 - Sebastian Aho served the penalty
2nd period
1. Calgary Flames , J.T. Miller 40 (Sebastian Aho 36, Ryan Ellis 24) at 3:27
2. Calgary Flames , J.T. Miller 41 (Sebastian Aho 37) at 12:32 (PP)
3. Calgary Flames , Joel Eriksson Ek 20 (Max Pacioretty 23, Drew Doughty 24) at 13:36
4. Calgary Flames , Logan Couture 22 (Valeri Nichushkin 35, Timo Meier 30) at 15:51 (PP)
Penalties :
Tyler Myers (MTL) for Roughing (Minor) at 10:16, Scott Mayfield (MTL) for Holding (Minor) at 12:30, Brady Skjei (MTL) for Boarding (Minor) at 15:13, Miles Wood (MTL) for Fighting (Major) at 15:57, Ryan McDonagh (CGY) for Fighting (Major) at 15:57, Dylan Larkin (MTL) for Cross-checking (Minor) at 16:20
3rd period
5. Calgary Flames , Sebastian Aho 29 (J.T. Miller 44, Ryan Ellis 25) at 16:37
Penalties :
Sebastian Aho (CGY) for Cross-checking (Minor) at 1:14, Dylan Larkin (MTL) for Fighting (Major) at 7:44, Max Pacioretty (CGY) for Fighting (Major) at 7:44, Tyler Myers (MTL) for Tripping (Minor) at 15:21, Jeff Petry (CGY) for Cross-checking (Minor) at 16:26, Brady Skjei (MTL) for Holding (Minor) at 19:58
Goalie Stats
Thatcher Demko (CGY), 30 saves from 30 shots - (1.000), W, 25-23-4, 60:00 minutes
Jacob Markstrom (MTL), 34 saves from 39 shots - (0.872), L, 33-20-9, 60:00 minutes
Players Stats for Calgary Flames
Player Name G A P +/- PIM S H SB GA TA FO MP PP MP PK MP
------------------------------------------------------------------------------------
Drew Doughty 0 1 1 1 0 1 0 1 1 0 0/0 23:25 4:01 3:18
Garnet Hathaway 0 0 0 0 0 0 0 0 0 0 0/1 6:10 0:00 0:00
J.T. Miller 2 1 3 2 0 7 4 1 1 1 0/0 21:09 3:41 3:35
Jeff Petry 0 0 0 1 4 1 2 0 0 0 0/0 21:25 3:41 1:47
Jeremy Lauzon 0 0 0 1 0 1 2 1 0 1 0/0 16:46 1:03 0:47
Joel Eriksson Ek 1 0 1 1 0 5 0 1 0 0 10/13 11:27 0:00 0:00
Kris Russell 0 0 0 0 0 1 0 1 0 0 0/0 14:04 0:00 1:01
Logan Couture 1 0 1 0 0 3 1 0 0 0 14/24 21:24 4:02 3:27
Mathieu Joseph 0 0 0 1 0 1 3 1 0 0 0/1 11:17 0:00 0:00
Max Pacioretty 0 1 1 1 5 1 2 1 1 0 0/0 9:57 0:00 0:00
Nic Dowd 0 0 0 0 0 1 0 0 0 0 1/1 8:17 0:00 1:24
Oskar Lindblom 0 0 0 0 0 1 0 0 0 0 0/0 6:10 0:00 0:00
Ryan Ellis 0 2 2 2 0 2 2 3 1 1 0/0 23:10 3:42 3:19
Ryan McDonagh 0 0 0 1 5 2 1 0 0 1 0/0 21:23 2:58 3:52
Sebastian Aho 1 2 3 2 2 5 0 1 2 0 12/32 19:46 3:41 1:35
Timo Meier 0 1 1 0 0 4 3 0 2 0 0/1 17:44 4:02 0:36
Valeri Nichushkin 0 1 1 0 0 2 1 0 0 0 0/0 17:08 4:02 0:00
Zach Hyman 0 0 0 1 0 1 2 0 0 0 0/3 21:17 3:41 3:27
Players Stats for Montreal Canadiens
Player Name G A P +/- PIM S H SB GA TA FO MP PP MP PK MP
------------------------------------------------------------------------------------
Adam Fox 0 0 0 -1 0 1 1 0 0 0 0/0 26:10 3:48 3:41
Alexandre Carrier 0 0 0 0 0 0 1 1 0 1 0/0 12:43 0:00 1:02
Brady Skjei 0 0 0 -2 4 1 1 2 0 0 0/0 22:07 3:14 4:02
Christian Fischer 0 0 0 0 0 1 0 1 0 0 0/0 7:49 0:00 0:00
Dylan Larkin 0 0 0 0 7 8 2 1 0 0 15/24 18:18 3:21 3:07
Filip Forsberg 0 0 0 -2 0 1 0 2 0 1 0/0 21:08 3:35 3:37
Filip Hronek 0 0 0 -2 0 0 0 2 0 1 0/0 22:09 3:14 4:02
Jack Quinn 0 0 0 0 0 2 0 0 0 0 0/0 7:49 0:00 0:00
Jake Evans 0 0 0 -1 0 1 2 0 1 0 0/0 9:59 0:00 0:00
Jonathan Marchessault 0 0 0 0 0 4 1 0 0 1 0/1 16:40 3:27 0:14
Martin Necas 0 0 0 -1 0 1 0 0 1 1 4/12 12:11 0:06 0:00
Miles Wood 0 0 0 0 5 0 0 0 1 1 0/0 15:22 3:27 0:00
Patrik Laine 0 0 0 -1 2 4 1 0 0 0 0/1 20:24 3:34 3:00
Scott Mayfield 0 0 0 -1 2 0 0 0 0 2 0/0 11:51 0:00 0:00
Sidney Crosby 0 0 0 -2 0 4 2 0 1 0 19/30 21:08 3:35 3:37
Tomas Nosek 0 0 0 0 0 1 1 0 0 0 1/6 7:49 0:00 0:00
Tyler Myers 0 0 0 0 4 0 0 1 0 0 0/0 25:04 3:49 2:39
Tyson Jost 0 0 0 -1 0 1 2 0 0 0 0/2 12:33 0:00 1:51
3 Stars
1 - Thatcher Demko (CGY)
2 - J.T. Miller (CGY)
3 - Sebastian Aho (CGY)
Power Play
Calgary Flames - 2 on 7 Attempt(s) - 28.57%
Montreal Canadiens - 0 on 4 Attempt(s) - 0.00%
Penalty Kill
Calgary Flames - 4 on 4 Attempt(s) - 100.00%
- Score 0 goal in Penalty Kill
Montreal Canadiens - 5 on 7 Attempt(s) - 71.43%
- Score 0 goal in Penalty Kill
Team Stat
Calgary Flames - Hits : 23 - Faceoff Wins : 37 - Blocked Shots : 11 - Penalty Minutes : 18
Montreal Canadiens - Hits : 14 - Faceoff Wins : 39 - Blocked Shots : 10 - Penalty Minutes : 24
Official
Referees : Kendrick Nicholson and Dan O'Halloran
Linesman : Steve Barton and Shandor Alphonso
Game Notes
4:29 of 2nd period - Montreal Canadiens goal is going for a video replay. After video review, No Goal. The puck has been kicked using a distinct kicking motion.
Miles Wood beats up Ryan McDonagh at 15:57 of 2nd period
Dylan Larkin and Max Pacioretty fight to a draw at 7:44 of 3rd period
Finance
Level 1 -- Attendance: 5677 (94.62%) -- Ticket Income $510,930
Level 2 -- Attendance: 4880 (97.60%) -- Ticket Income $244,000
Level 3 -- Attendance: 3000 (100.00%) -- Ticket Income $90,000
Level 4 -- Attendance: 4802 (96.04%) -- Ticket Income $96,040
Luxury Box -- Attendance: 1000 (100.00%) -- Ticket Income $195,000
Game was played at the Bell Centre.
Total Attendance: 19359 (96.80%)
Total Ticket Income: $1,135,970
Other Income: $397,590
Total Income: $1,533,560
Calgary Flames
5 vs 5 Forward
Center Left Wing Right Wing Time % Phy DF OF
1 Sebastian Aho J.T. Miller Zach Hyman 30 1 2 2
2 Logan Couture Valeri Nichushkin Timo Meier 30 1 2 2
3 Joel Eriksson Ek Max Pacioretty Mathieu Joseph 25 1 2 2
4 Nic Dowd Oskar Lindblom Garnet Hathaway 15 1 2 2
5 vs 5 Defense
Defense Defense Time % Phy DF OF
1 Drew Doughty Ryan McDonagh 35 1 2 2
2 Jeff Petry Ryan Ellis 35 1 2 2
3 Jeremy Lauzon Kris Russell 30 1 2 2
4 Drew Doughty Ryan McDonagh 0 1 2 2
PowerPlay Forward
Center Left Wing Right Wing Time % Phy DF OF
1 Sebastian Aho J.T. Miller Zach Hyman 50 1 2 2
2 Logan Couture Valeri Nichushkin Timo Meier 50 1 2 2
PowerPlay Defense
Defense Defense Time % Phy DF OF
1 Drew Doughty Ryan McDonagh 50 1 2 2
2 Jeff Petry Ryan Ellis 50 1 2 2
Penalty Kill 4 Players Forward
Center Wing Time % Phy DF OF
1 Sebastian Aho J.T. Miller 50 1 2 2
2 Logan Couture Zach Hyman 50 1 2 2
Penalty Kill 4 Players Defense
Defense Defense Time % Phy DF OF
1 Drew Doughty Ryan McDonagh 50 1 2 2
2 Jeff Petry Ryan Ellis 50 1 2 2
Penalty Kill - 3 Players Forward
Forward Time % Phy DF OF
1 Sebastian Aho 50 1 2 2
2 J.T. Miller 50 1 2 2
Penalty Kill - 3 Players Defense
Defense Defense Time % Phy DF OF
1 Drew Doughty Ryan McDonagh 50 1 2 2
2 Jeff Petry Ryan Ellis 50 1 2 2
4 vs 4 Forward
Center Wing Time % Phy DF OF
1 Sebastian Aho J.T. Miller 50 1 2 2
2 Logan Couture Zach Hyman 50 1 2 2
4 vs 4 Defense
Defense Defense Time % Phy DF OF
1 Drew Doughty Ryan McDonagh 50 1 2 2
2 Jeff Petry Ryan Ellis 50 1 2 2
Last Minutes Offensive
Center Left Wing Right Wing Defense Defense
Sebastian Aho J.T. Miller Zach Hyman Drew Doughty Ryan McDonagh
Last Minutes Defensive
Center Left Wing Right Wing Defense Defense
Sebastian Aho J.T. Miller Zach Hyman Drew Doughty Ryan McDonagh
Goaltenders
Starting : Thatcher Demko
Backup : Sam Montembeault
Extra Forwards
Normal : Joel Eriksson Ek, Max Pacioretty, Nic Dowd - PP : Joel Eriksson Ek, Max Pacioretty - PK : Nic Dowd
Extra Defensemen
Normal : Jeremy Lauzon, Kris Russell, Jeff Petry - PP : Jeremy Lauzon - PK : Kris Russell, Jeff Petry
Penalty Shots
Sebastian Aho, J.T. Miller, Logan Couture, Zach Hyman, Timo Meier
Montreal Canadiens
5 vs 5 Forward
Center Left Wing Right Wing Time % Phy DF OF
1 Sidney Crosby Filip Forsberg Patrik Laine 30 1 1 3
2 Dylan Larkin Jonathan Marchessault Miles Wood 30 1 1 3
3 Martin Necas Tyson Jost Jake Evans 25 1 3 1
4 Tomas Nosek Christian Fischer Jack Quinn 15 1 3 1
5 vs 5 Defense
Defense Defense Time % Phy DF OF
1 Adam Fox Tyler Myers 30 1 2 2
2 Brady Skjei Filip Hronek 30 1 2 2
3 Scott Mayfield Alexandre Carrier 25 1 2 2
4 Adam Fox Tyler Myers 15 1 2 2
PowerPlay Forward
Center Left Wing Right Wing Time % Phy DF OF
1 Sidney Crosby Filip Forsberg Patrik Laine 50 1 0 4
2 Dylan Larkin Jonathan Marchessault Miles Wood 50 1 0 4
PowerPlay Defense
Defense Defense Time % Phy DF OF
1 Adam Fox Tyler Myers 50 1 1 3
2 Brady Skjei Filip Hronek 50 1 1 3
Penalty Kill 4 Players Forward
Center Wing Time % Phy DF OF
1 Sidney Crosby Filip Forsberg 50 1 4 0
2 Dylan Larkin Patrik Laine 50 1 4 0
Penalty Kill 4 Players Defense
Defense Defense Time % Phy DF OF
1 Adam Fox Tyler Myers 50 1 4 0
2 Brady Skjei Filip Hronek 50 1 4 0
Penalty Kill - 3 Players Forward
Forward Time % Phy DF OF
1 Sidney Crosby 50 1 4 0
2 Filip Forsberg 50 1 4 0
Penalty Kill - 3 Players Defense
Defense Defense Time % Phy DF OF
1 Adam Fox Tyler Myers 50 1 4 0
2 Brady Skjei Filip Hronek 50 1 4 0
4 vs 4 Forward
Center Wing Time % Phy DF OF
1 Sidney Crosby Filip Forsberg 50 1 2 2
2 Dylan Larkin Patrik Laine 50 1 2 2
4 vs 4 Defense
Defense Defense Time % Phy DF OF
1 Adam Fox Tyler Myers 50 1 2 2
2 Brady Skjei Filip Hronek 50 1 2 2
Last Minutes Offensive
Center Left Wing Right Wing Defense Defense
Sidney Crosby Filip Forsberg Patrik Laine Adam Fox Tyler Myers
Last Minutes Defensive
Center Left Wing Right Wing Defense Defense
Sidney Crosby Filip Forsberg Patrik Laine Adam Fox Tyler Myers
Goaltenders
Starting : Jacob Markstrom
Backup : Alex Nedeljkovic
Extra Forwards
Normal : Martin Necas, Jake Evans, Tyson Jost - PP : Martin Necas, Jake Evans - PK : Tyson Jost
Extra Defensemen
Normal : Scott Mayfield, Alexandre Carrier, Brady Skjei - PP : Scott Mayfield - PK : Alexandre Carrier, Brady Skjei
Penalty Shots
Sidney Crosby, Filip Forsberg, Dylan Larkin, Patrik Laine, Jonathan Marchessault
% Time on Ice - Calgary Flames
Lines # - Real PCT - Wanted PCT - Time Play
Normal Forward
1 - 30% - 30% - 13:20
2 - 31% - 30% - 13:34
3 - 25% - 25% - 11:17
4 - 14% - 15% - 6:10
Normal Defense
1 - 35% - 35% - 15:39
2 - 36% - 35% - 15:47
3 - 29% - 30% - 12:55
4 - 0% - 0% - 0:00
PP Forward
1 - 48% - 50% - 3:41
2 - 52% - 50% - 4:02
PP Defense
1 - 52% - 50% - 4:01
2 - 48% - 50% - 3:42
PK Forward
1 - 51% - 50% - 3:35
2 - 49% - 50% - 3:27
PK Defense
1 - 47% - 50% - 3:18
2 - 53% - 50% - 3:44
PK3 Forward
1 - 0% - 50%
2 - 0% - 50%
PK3 Defense
1 - 0% - 50%
2 - 0% - 50%
44 Forward
1 - 61% - 50% - 0:33
2 - 39% - 50% - 0:21
44 Defense
1 - 50% - 50% - 0:27
2 - 50% - 50% - 0:27
Last Minute Offensive - 0:00
Last Minute Defensive - 0:00
Total
Forward - 60:00
Defense - 60:00
|
% Time on Ice - Montreal Canadiens
Lines # - Real PCT - Wanted PCT - Time Play
Normal Forward
1 - 30% - 30% - 13:26
2 - 30% - 30% - 13:07
3 - 23% - 25% - 9:59
4 - 18% - 15% - 7:49
Normal Defense
1 - 30% - 30% - 13:14
2 - 32% - 30% - 14:10
3 - 26% - 25% - 11:41
4 - 12% - 15% - 5:16
PP Forward
1 - 51% - 50% - 3:35
2 - 49% - 50% - 3:27
PP Defense
1 - 54% - 50% - 3:48
2 - 46% - 50% - 3:14
PK Forward
1 - 47% - 50% - 3:37
2 - 53% - 50% - 4:06
PK Defense
1 - 48% - 50% - 3:41
2 - 52% - 50% - 4:02
PK3 Forward
1 - 0% - 50%
2 - 0% - 50%
PK3 Defense
1 - 0% - 50%
2 - 0% - 50%
44 Forward
1 - 56% - 50% - 0:30
2 - 44% - 50% - 0:24
44 Defense
1 - 20% - 50% - 0:11
2 - 80% - 50% - 0:43
Last Minute Offensive - 0:00
Last Minute Defensive - 0:00
Total
Forward - 60:00
Defense - 60:00
|
Play-by-Play
1st period
0:01 of 1st period - Sidney Crosby wins face-off versus Sebastian Aho in neutral zone.
0:30 of 1st period - Slapshot by Dylan Larkin.
0:30 of 1st period - Stopped by Thatcher Demko without a rebound.
0:31 of 1st period - Logan Couture wins face-off versus Dylan Larkin in Calgary Flames zone.
0:46 of 1st period - Snap shot by Valeri Nichushkin.
0:46 of 1st period - Shot Blocked by Filip Hronek.
1:08 of 1st period - Slapshot by Timo Meier.
1:08 of 1st period - Stopped by Jacob Markstrom without a rebound.
1:09 of 1st period - Joel Eriksson Ek wins face-off versus Martin Necas in Montreal Canadiens zone.
1:11 of 1st period - Icing by Alexandre Carrier.
1:12 of 1st period - Joel Eriksson Ek wins face-off versus Martin Necas in Montreal Canadiens zone.
1:17 of 1st period - Snap shot by Max Pacioretty.
1:17 of 1st period - Stopped by Jacob Markstrom with a rebound.
1:25 of 1st period - Wrist shot by Joel Eriksson Ek.
1:25 of 1st period - Stopped by Jacob Markstrom with a rebound.
1:27 of 1st period - Wrist shot by Mathieu Joseph.
1:27 of 1st period - Stopped by Jacob Markstrom with a rebound.
1:50 of 1st period - Wrist shot by Christian Fischer.
1:50 of 1st period - Shot Misses the Net.
2:00 of 1st period - Snap shot by Sebastian Aho.
2:00 of 1st period - Shot Misses the Net.
2:02 of 1st period - Wrist shot by Sebastian Aho.
2:02 of 1st period - Deflect By J.T. Miller.
2:02 of 1st period - Shot Blocked by Tyler Myers.
2:02 of 1st period - Puck is out of play.
2:03 of 1st period - Sebastian Aho wins face-off versus Sidney Crosby in Montreal Canadiens zone.
2:17 of 1st period - Minor Penalty to Patrik Laine for Goalie Interference.
2:18 of 1st period - Sidney Crosby wins face-off versus Sebastian Aho in Montreal Canadiens zone.
2:50 of 1st period - Wrist shot by Timo Meier.
2:50 of 1st period - Stopped by Jacob Markstrom with a rebound.
2:52 of 1st period - Slapshot by Ryan McDonagh.
2:52 of 1st period - Deflect By Valeri Nichushkin.
2:52 of 1st period - Shot Misses the Net.
2:52 of 1st period - Puck is out of play.
2:53 of 1st period - Sidney Crosby wins face-off versus Sebastian Aho in Montreal Canadiens zone.
3:32 of 1st period - Brady Skjei is hit by Timo Meier and loses puck.
3:43 of 1st period - Drew Doughty is hit by Tyson Jost and loses puck.
4:17 of 1st period - Penalty to Patrik Laine is over, Patrik Laine is back on ice.
4:35 of 1st period - Tomas Nosek is hit by Mathieu Joseph and loses puck.
4:56 of 1st period - Wrist shot by Oskar Lindblom.
4:56 of 1st period - Stopped by Jacob Markstrom with a rebound.
5:18 of 1st period - Tyler Myers is hit by J.T. Miller and loses puck.
5:31 of 1st period - Filip Forsberg is hit by Max Pacioretty.
6:03 of 1st period - Slapshot by Timo Meier.
6:03 of 1st period - Shot Misses the Net.
6:05 of 1st period - Slapshot by Drew Doughty.
6:05 of 1st period - Stopped by Jacob Markstrom without a rebound.
6:06 of 1st period - Logan Couture wins face-off versus Tyson Jost in Montreal Canadiens zone.
6:07 of 1st period - Snap shot by Timo Meier.
6:07 of 1st period - Shot Misses the Net.
6:09 of 1st period - Slapshot by Ryan Ellis.
6:09 of 1st period - Stopped by Jacob Markstrom with a rebound.
6:23 of 1st period - Wrist shot by Valeri Nichushkin.
6:23 of 1st period - Shot Misses the Net.
6:37 of 1st period - Wrist shot by Valeri Nichushkin.
6:37 of 1st period - Stopped by Jacob Markstrom without a rebound.
6:38 of 1st period - Dylan Larkin wins face-off versus Sebastian Aho in Montreal Canadiens zone.
6:45 of 1st period - Snap shot by Dylan Larkin.
6:45 of 1st period - Shot Blocked by Jeremy Lauzon.
6:47 of 1st period - Slapshot by Alexandre Carrier.
6:47 of 1st period - Shot Blocked by Sebastian Aho.
6:53 of 1st period - Wrist shot by Jonathan Marchessault.
6:53 of 1st period - Stopped by Thatcher Demko without a rebound.
6:54 of 1st period - Joel Eriksson Ek wins face-off versus Sidney Crosby in Calgary Flames zone.
6:54 of 1st period - Joel Eriksson Ek is hit by Patrik Laine.
9:24 of 1st period - Off-side.
9:25 of 1st period - Sidney Crosby wins face-off versus Joel Eriksson Ek in neutral zone.
9:34 of 1st period - Snap shot by Sidney Crosby.
9:34 of 1st period - Shot Blocked by Ryan Ellis.
9:36 of 1st period - Wrist shot by Patrik Laine.
9:36 of 1st period - Stopped by Thatcher Demko without a rebound.
9:37 of 1st period - Dylan Larkin wins face-off versus Sebastian Aho in Calgary Flames zone.
9:38 of 1st period - Slapshot by Jonathan Marchessault.
9:38 of 1st period - Shot Misses the Net.
9:40 of 1st period - Minor Penalty to Jeff Petry for Holding.
9:41 of 1st period - Sidney Crosby wins face-off versus Sebastian Aho in Calgary Flames zone.
11:20 of 1st period - Filip Forsberg is hit by J.T. Miller and loses puck.
11:40 of 1st period - Penalty to Jeff Petry is over, Jeff Petry is back on ice.
11:50 of 1st period - Snap shot by Joel Eriksson Ek.
11:50 of 1st period - Shot Misses the Net.
11:52 of 1st period - Slapshot by Ryan Ellis.
11:52 of 1st period - Shot Misses the Net.
11:54 of 1st period - Slapshot by Jeff Petry.
11:54 of 1st period - Stopped by Jacob Markstrom without a rebound.
11:55 of 1st period - Joel Eriksson Ek wins face-off versus Tyson Jost in Montreal Canadiens zone.
13:18 of 1st period - Snap shot by Filip Forsberg.
13:18 of 1st period - Shot Misses the Net.
13:30 of 1st period - Garnet Hathaway is hit by Jake Evans and loses puck.
13:49 of 1st period - Snap shot by Jack Quinn.
13:49 of 1st period - Shot Misses the Net.
13:51 of 1st period - Snap shot by Tomas Nosek.
13:51 of 1st period - Stopped by Thatcher Demko without a rebound.
13:52 of 1st period - Sebastian Aho wins face-off versus Tomas Nosek in Calgary Flames zone.
14:40 of 1st period - Filip Forsberg is hit by Mathieu Joseph and loses puck.
15:53 of 1st period - Snap shot by Logan Couture.
15:53 of 1st period - Shot Blocked by Brady Skjei.
15:55 of 1st period - Wrist shot by Logan Couture.
15:55 of 1st period - Shot Blocked by Dylan Larkin.
15:57 of 1st period - Slapshot by Kris Russell.
15:57 of 1st period - Deflect By Filip Hronek.
15:57 of 1st period - Stopped by Jacob Markstrom with a rebound.
15:59 of 1st period - Snap shot by Valeri Nichushkin.
15:59 of 1st period - Stopped by Jacob Markstrom without a rebound.
16:00 of 1st period - Sidney Crosby wins face-off versus Sebastian Aho in Montreal Canadiens zone.
16:07 of 1st period - Filip Forsberg is hit by Ryan McDonagh and loses puck.
16:14 of 1st period - Snap shot by Sebastian Aho.
16:14 of 1st period - Deflect By Zach Hyman.
16:14 of 1st period - Shot Misses the Net.
16:14 of 1st period - Puck is out of play.
16:15 of 1st period - Logan Couture wins face-off versus Dylan Larkin in Montreal Canadiens zone.
16:16 of 1st period - Snap shot by Timo Meier.
16:16 of 1st period - Shot Misses the Net.
16:44 of 1st period - Off-side.
16:45 of 1st period - Sidney Crosby wins face-off versus Sebastian Aho in neutral zone.
16:48 of 1st period - Slapshot by Patrik Laine.
16:48 of 1st period - Stopped by Thatcher Demko without a rebound.
16:48 of 1st period - Minor Penalty to Thatcher Demko for Slashing.
16:49 of 1st period - Dylan Larkin wins face-off versus Logan Couture in Calgary Flames zone.
18:25 of 1st period - Logan Couture is hit by Dylan Larkin and loses puck.
18:48 of 1st period - Penalty to Sebastian Aho is over, Sebastian Aho is back on ice.
18:59 of 1st period - Snap shot by Tyson Jost.
18:59 of 1st period - Shot Misses the Net.
19:01 of 1st period - Backhand shot by Tyson Jost.
19:01 of 1st period - Shot Blocked by Mathieu Joseph.
19:03 of 1st period - Snap shot by Brady Skjei.
19:03 of 1st period - Deflect By Jake Evans.
19:03 of 1st period - Shot Misses the Net.
19:03 of 1st period - Puck is out of play.
19:04 of 1st period - Nic Dowd wins face-off versus Tomas Nosek in Calgary Flames zone.
19:18 of 1st period - Wrist shot by Jack Quinn.
19:18 of 1st period - Shot Misses the Net.
19:20 of 1st period - Snap shot by Christian Fischer.
19:20 of 1st period - Shot Blocked by Kris Russell.
19:54 of 1st period - Ryan Ellis is hit by Adam Fox and loses puck.
Goals for this period are 0 for Calgary Flames vs 0 for Montreal Canadiens.
Shots for this period are 12 for Calgary Flames vs 5 for Montreal Canadiens.
2nd period
0:01 of 2nd period - Sebastian Aho wins face-off versus Sidney Crosby in neutral zone.
0:01 of 2nd period - Sebastian Aho is hit by Sidney Crosby.
0:36 of 2nd period - Snap shot by Dylan Larkin.
0:36 of 2nd period - Stopped by Thatcher Demko with a rebound.
0:38 of 2nd period - Wrist shot by Dylan Larkin.
0:38 of 2nd period - Stopped by Thatcher Demko with a rebound.
0:40 of 2nd period - Slapshot by Tyler Myers.
0:40 of 2nd period - Deflect By Jonathan Marchessault.
0:40 of 2nd period - Stopped by Thatcher Demko with a rebound.
0:54 of 2nd period - Wrist shot by Max Pacioretty.
0:54 of 2nd period - Shot Misses the Net.
1:30 of 2nd period - Icing by Kris Russell.
1:31 of 2nd period - Sidney Crosby wins face-off versus Sebastian Aho in Calgary Flames zone.
1:52 of 2nd period - Slapshot by J.T. Miller.
1:52 of 2nd period - Stopped by Jacob Markstrom without a rebound.
1:53 of 2nd period - Dylan Larkin wins face-off versus Logan Couture in Montreal Canadiens zone.
1:58 of 2nd period - Drew Doughty is hit by Dylan Larkin and loses puck.
2:19 of 2nd period - Sidney Crosby is hit by Zach Hyman and loses puck.
2:46 of 2nd period - Snap shot by Joel Eriksson Ek.
2:46 of 2nd period - Shot Misses the Net.
2:48 of 2nd period - Slapshot by Drew Doughty.
2:48 of 2nd period - Deflect By Max Pacioretty.
2:48 of 2nd period - Shot Misses the Net.
2:48 of 2nd period - Puck is out of play.
2:49 of 2nd period - Logan Couture wins face-off versus Dylan Larkin in Montreal Canadiens zone.
2:52 of 2nd period - Slapshot by Logan Couture.
2:52 of 2nd period - Shot Misses the Net.
3:25 of 2nd period - Wrist shot by Sebastian Aho.
3:25 of 2nd period - Stopped by Jacob Markstrom with a rebound.
3:27 of 2nd period - Snap shot by J.T. Miller.
3:27 of 2nd period - Goal by J.T. Miller - Calgary Flames : 1 - Montreal Canadiens : 0.
3:28 of 2nd period - Dylan Larkin wins face-off versus Logan Couture in neutral zone.
3:33 of 2nd period - Snap shot by Dylan Larkin.
3:33 of 2nd period - Deflect By Jonathan Marchessault.
3:33 of 2nd period - Shot Misses the Net.
3:33 of 2nd period - Puck is out of play.
3:34 of 2nd period - Logan Couture wins face-off versus Dylan Larkin in Calgary Flames zone.
3:41 of 2nd period - Tyler Myers is hit by Ryan Ellis and loses puck.
4:02 of 2nd period - Slapshot by Filip Forsberg.
4:02 of 2nd period - Shot Misses the Net.
4:07 of 2nd period - Icing by J.T. Miller.
4:08 of 2nd period - Sidney Crosby wins face-off versus Sebastian Aho in Calgary Flames zone.
4:11 of 2nd period - Snap shot by Sidney Crosby.
4:11 of 2nd period - Deflect By Filip Forsberg.
4:11 of 2nd period - Stopped by Thatcher Demko without a rebound.
4:12 of 2nd period - Joel Eriksson Ek wins face-off versus Sidney Crosby in Calgary Flames zone.
4:17 of 2nd period - Snap shot by Joel Eriksson Ek.
4:17 of 2nd period - Stopped by Jacob Markstrom without a rebound.
4:18 of 2nd period - Sidney Crosby wins face-off versus Joel Eriksson Ek in Montreal Canadiens zone.
4:27 of 2nd period - Snap shot by Sidney Crosby.
4:27 of 2nd period - Shot Misses the Net.
4:29 of 2nd period - Wrist shot by Sidney Crosby.
4:29 of 2nd period - Montreal Canadiens goal is going for a video replay.
4:29 of 2nd period - The goal is refused. The puck has been kicked using a distinct kicking motion..
4:30 of 2nd period - Dylan Larkin wins face-off versus Sebastian Aho in Calgary Flames zone.
4:33 of 2nd period - Snap shot by Dylan Larkin.
4:33 of 2nd period - Stopped by Thatcher Demko without a rebound.
4:34 of 2nd period - Dylan Larkin wins face-off versus Zach Hyman in Calgary Flames zone.
4:40 of 2nd period - Icing by J.T. Miller.
4:41 of 2nd period - Dylan Larkin wins face-off versus Sebastian Aho in Calgary Flames zone.
4:44 of 2nd period - Snap shot by Jonathan Marchessault.
4:44 of 2nd period - Deflect By Dylan Larkin.
4:44 of 2nd period - Stopped by Thatcher Demko without a rebound.
4:45 of 2nd period - Logan Couture wins face-off versus Dylan Larkin in Calgary Flames zone.
5:05 of 2nd period - Dylan Larkin is hit by Jeff Petry and loses puck.
5:26 of 2nd period - Snap shot by Joel Eriksson Ek.
5:26 of 2nd period - Stopped by Jacob Markstrom without a rebound.
5:27 of 2nd period - Martin Necas wins face-off versus Sebastian Aho in Montreal Canadiens zone.
5:27 of 2nd period - Martin Necas is hit by Zach Hyman.
5:33 of 2nd period - Sebastian Aho is hit by Jake Evans and loses puck.
6:08 of 2nd period - Filip Forsberg is hit by Max Pacioretty and loses puck.
6:19 of 2nd period - Wrist shot by Nic Dowd.
6:19 of 2nd period - Stopped by Jacob Markstrom without a rebound.
6:20 of 2nd period - Dylan Larkin wins face-off versus Garnet Hathaway in Montreal Canadiens zone.
6:45 of 2nd period - Slapshot by Jake Evans.
6:45 of 2nd period - Shot Misses the Net.
6:47 of 2nd period - Snap shot by Tyson Jost.
6:47 of 2nd period - Shot Hit the Post.
7:13 of 2nd period - Snap shot by Sebastian Aho.
7:13 of 2nd period - Shot Misses the Net.
7:37 of 2nd period - Christian Fischer is hit by Jeremy Lauzon and loses puck.
7:54 of 2nd period - Slapshot by Adam Fox.
7:54 of 2nd period - Shot Misses the Net.
7:56 of 2nd period - Snap shot by Christian Fischer.
7:56 of 2nd period - Stopped by Thatcher Demko without a rebound.
7:57 of 2nd period - Sebastian Aho wins face-off versus Dylan Larkin in Calgary Flames zone.
8:02 of 2nd period - Snap shot by Dylan Larkin.
8:02 of 2nd period - Shot Hit the Post.
8:04 of 2nd period - Slapshot by Miles Wood.
8:04 of 2nd period - Deflect By Jonathan Marchessault.
8:04 of 2nd period - Shot Misses the Net.
8:04 of 2nd period - Puck is out of play.
8:05 of 2nd period - Dylan Larkin wins face-off versus Sebastian Aho in Calgary Flames zone.
8:06 of 2nd period - Wrist shot by Jonathan Marchessault.
8:06 of 2nd period - Shot Misses the Net.
8:08 of 2nd period - Snap shot by Miles Wood.
8:08 of 2nd period - Shot Misses the Net.
8:10 of 2nd period - Wrist shot by Dylan Larkin.
8:10 of 2nd period - Stopped by Thatcher Demko with a rebound.
8:12 of 2nd period - Snap shot by Dylan Larkin.
8:12 of 2nd period - Stopped by Thatcher Demko with a rebound.
8:41 of 2nd period - Off-side.
8:42 of 2nd period - Joel Eriksson Ek wins face-off versus Martin Necas in neutral zone.
9:07 of 2nd period - Valeri Nichushkin is hit by Jonathan Marchessault.
9:15 of 2nd period - Slapshot by Dylan Larkin.
9:15 of 2nd period - Stopped by Thatcher Demko without a rebound.
9:16 of 2nd period - Sebastian Aho wins face-off versus Sidney Crosby in Calgary Flames zone.
9:49 of 2nd period - Snap shot by Jonathan Marchessault.
9:49 of 2nd period - Stopped by Thatcher Demko with a rebound.
10:05 of 2nd period - Wrist shot by Tyson Jost.
10:05 of 2nd period - Stopped by Thatcher Demko without a rebound.
10:06 of 2nd period - Joel Eriksson Ek wins face-off versus Martin Necas in Calgary Flames zone.
10:16 of 2nd period - Minor Penalty to Tyler Myers for Roughing.
10:17 of 2nd period - Sidney Crosby wins face-off versus Logan Couture in Montreal Canadiens zone.
10:24 of 2nd period - Off-side.
10:25 of 2nd period - Logan Couture wins face-off versus Dylan Larkin in neutral zone.
10:58 of 2nd period - Snap shot by Timo Meier.
10:58 of 2nd period - Shot Misses the Net.
11:00 of 2nd period - Slapshot by Ryan Ellis.
11:00 of 2nd period - Stopped by Jacob Markstrom without a rebound.
11:01 of 2nd period - Sebastian Aho wins face-off versus Sidney Crosby in Montreal Canadiens zone.
11:08 of 2nd period - Wrist shot by Sebastian Aho.
11:08 of 2nd period - Stopped by Jacob Markstrom without a rebound.
11:09 of 2nd period - Sidney Crosby wins face-off versus Sebastian Aho in Montreal Canadiens zone.
11:26 of 2nd period - Wrist shot by J.T. Miller.
11:26 of 2nd period - Stopped by Jacob Markstrom with a rebound.
11:28 of 2nd period - Snap shot by Ryan McDonagh.
11:28 of 2nd period - Stopped by Jacob Markstrom with a rebound.
11:32 of 2nd period - Wrist shot by J.T. Miller.
11:32 of 2nd period - Shot Blocked by Alexandre Carrier.
11:40 of 2nd period - Snap shot by Zach Hyman.
11:40 of 2nd period - Shot Misses the Net.
11:42 of 2nd period - Slapshot by J.T. Miller.
11:42 of 2nd period - Stopped by Jacob Markstrom with a rebound.
11:50 of 2nd period - Snap shot by J.T. Miller.
11:50 of 2nd period - Shot Misses the Net.
11:52 of 2nd period - Slapshot by Ryan McDonagh.
11:52 of 2nd period - Stopped by Jacob Markstrom without a rebound.
11:53 of 2nd period - Sidney Crosby wins face-off versus Logan Couture in Montreal Canadiens zone.
12:16 of 2nd period - Penalty to Tyler Myers is over, Tyler Myers is back on ice.
12:23 of 2nd period - Slapshot by Sidney Crosby.
12:23 of 2nd period - Stopped by Thatcher Demko without a rebound.
12:24 of 2nd period - Joel Eriksson Ek wins face-off versus Jonathan Marchessault in Calgary Flames zone.
12:30 of 2nd period - Minor Penalty to Scott Mayfield for Holding.
12:31 of 2nd period - Sebastian Aho wins face-off versus Sidney Crosby in Montreal Canadiens zone.
12:32 of 2nd period - Snap shot by J.T. Miller.
12:32 of 2nd period - Deflect By Sidney Crosby.
12:32 of 2nd period - Goal by J.T. Miller - Calgary Flames : 2 - Montreal Canadiens : 0.
12:33 of 2nd period - Sidney Crosby wins face-off versus Sebastian Aho in neutral zone.
12:38 of 2nd period - Snap shot by Filip Forsberg.
12:38 of 2nd period - Shot Blocked by Ryan Ellis.
13:00 of 2nd period - Dylan Larkin is hit by Logan Couture and loses puck.
13:07 of 2nd period - Tyler Myers is hit by Timo Meier and loses puck.
13:20 of 2nd period - Off-side.
13:21 of 2nd period - Joel Eriksson Ek wins face-off versus Martin Necas in neutral zone.
13:36 of 2nd period - Wrist shot by Joel Eriksson Ek.
13:36 of 2nd period - Goal by Joel Eriksson Ek - Calgary Flames : 3 - Montreal Canadiens : 0.
13:37 of 2nd period - Sidney Crosby wins face-off versus Sebastian Aho in neutral zone.
13:46 of 2nd period - Wrist shot by Sidney Crosby.
13:46 of 2nd period - Stopped by Thatcher Demko with a rebound.
13:50 of 2nd period - Wrist shot by Filip Forsberg.
13:50 of 2nd period - Deflect By Sidney Crosby.
13:50 of 2nd period - Stopped by Thatcher Demko with a rebound.
14:28 of 2nd period - Slapshot by Brady Skjei.
14:28 of 2nd period - Deflect By Jack Quinn.
14:28 of 2nd period - Shot Blocked by Max Pacioretty.
14:28 of 2nd period - Puck is out of play.
14:29 of 2nd period - Joel Eriksson Ek wins face-off versus Tomas Nosek in Calgary Flames zone.
14:40 of 2nd period - Slapshot by Brady Skjei.
14:40 of 2nd period - Stopped by Thatcher Demko without a rebound.
14:41 of 2nd period - Sebastian Aho wins face-off versus Martin Necas in Calgary Flames zone.
14:53 of 2nd period - Wrist shot by Sebastian Aho.
14:53 of 2nd period - Stopped by Jacob Markstrom with a rebound.
14:57 of 2nd period - Wrist shot by Sebastian Aho.
14:57 of 2nd period - Shot Misses the Net.
15:13 of 2nd period - Minor Penalty to Brady Skjei for Boarding.
15:14 of 2nd period - Sidney Crosby wins face-off versus Timo Meier in Montreal Canadiens zone.
15:51 of 2nd period - Slapshot by Logan Couture.
15:51 of 2nd period - Goal by Logan Couture - Calgary Flames : 4 - Montreal Canadiens : 0.
15:52 of 2nd period - Dylan Larkin wins face-off versus Sebastian Aho in neutral zone.
15:57 of 2nd period - Miles Wood beats up Ryan McDonagh.
15:57 of 2nd period - Penalty to Miles Wood for Fighting.
15:57 of 2nd period - Penalty to Ryan McDonagh for Fighting.
15:58 of 2nd period - Martin Necas wins face-off versus Logan Couture in Calgary Flames zone.
16:07 of 2nd period - Adam Fox is hit by Valeri Nichushkin and loses puck.
16:20 of 2nd period - Minor Penalty to Dylan Larkin for Cross-checking.
16:21 of 2nd period - Sidney Crosby wins face-off versus Sebastian Aho in Montreal Canadiens zone.
16:58 of 2nd period - Snap shot by Timo Meier.
16:58 of 2nd period - Stopped by Jacob Markstrom without a rebound.
16:59 of 2nd period - Sidney Crosby wins face-off versus Zach Hyman in Montreal Canadiens zone.
16:59 of 2nd period - Sidney Crosby is hit by Ryan Ellis.
17:25 of 2nd period - Sidney Crosby is hit by Timo Meier and loses puck.
17:46 of 2nd period - Filip Forsberg is hit by J.T. Miller and loses puck.
18:20 of 2nd period - Penalty to Dylan Larkin is over, Dylan Larkin is back on ice.
18:39 of 2nd period - Snap shot by Christian Fischer.
18:39 of 2nd period - Shot Misses the Net.
18:53 of 2nd period - Ryan Ellis is hit by Alexandre Carrier and loses puck.
19:18 of 2nd period - Wrist shot by Sebastian Aho.
19:18 of 2nd period - Stopped by Jacob Markstrom with a rebound.
19:36 of 2nd period - Backhand shot by Jack Quinn.
19:36 of 2nd period - Shot Blocked by Joel Eriksson Ek.
Goals for this period are 4 for Calgary Flames vs 0 for Montreal Canadiens.
Shots for this period are 18 for Calgary Flames vs 17 for Montreal Canadiens.
3rd period
0:01 of 3rd period - Sebastian Aho wins face-off versus Sidney Crosby in neutral zone.
0:33 of 3rd period - Snap shot by Logan Couture.
0:33 of 3rd period - Stopped by Jacob Markstrom with a rebound.
0:35 of 3rd period - Slapshot by Jeremy Lauzon.
0:35 of 3rd period - Stopped by Jacob Markstrom without a rebound.
0:36 of 3rd period - Logan Couture wins face-off versus Sidney Crosby in Montreal Canadiens zone.
0:37 of 3rd period - Snap shot by Timo Meier.
0:37 of 3rd period - Deflect By Logan Couture.
0:37 of 3rd period - Shot Blocked by Filip Hronek.
0:37 of 3rd period - Puck is out of play.
0:38 of 3rd period - Logan Couture wins face-off versus Patrik Laine in Montreal Canadiens zone.
1:11 of 3rd period - Snap shot by Jake Evans.
1:11 of 3rd period - Stopped by Thatcher Demko without a rebound.
1:12 of 3rd period - Sebastian Aho wins face-off versus Martin Necas in Calgary Flames zone.
1:14 of 3rd period - Minor Penalty to Sebastian Aho for Cross-checking.
1:15 of 3rd period - Dylan Larkin wins face-off versus Zach Hyman in Calgary Flames zone.
1:57 of 3rd period - Snap shot by Patrik Laine.
1:57 of 3rd period - Stopped by Thatcher Demko with a rebound.
2:29 of 3rd period - Wrist shot by J.T. Miller.
2:29 of 3rd period - Stopped by Jacob Markstrom without a rebound.
2:30 of 3rd period - Dylan Larkin wins face-off versus Logan Couture in Montreal Canadiens zone.
3:14 of 3rd period - Penalty to Sebastian Aho is over, Sebastian Aho is back on ice.
3:45 of 3rd period - Jeremy Lauzon is hit by Tomas Nosek and loses puck.
3:54 of 3rd period - Wrist shot by Jack Quinn.
3:54 of 3rd period - Stopped by Thatcher Demko with a rebound.
4:18 of 3rd period - Patrik Laine is hit by Jeremy Lauzon and loses puck.
4:56 of 3rd period - Adam Fox is hit by Jeff Petry.
6:37 of 3rd period - Slapshot by Zach Hyman.
6:37 of 3rd period - Shot Blocked by Filip Forsberg.
7:01 of 3rd period - Off-side.
7:02 of 3rd period - Logan Couture wins face-off versus Dylan Larkin in neutral zone.
7:12 of 3rd period - Icing by Alexandre Carrier.
7:13 of 3rd period - Dylan Larkin wins face-off versus Logan Couture in Montreal Canadiens zone.
7:27 of 3rd period - Slapshot by Jonathan Marchessault.
7:27 of 3rd period - Stopped by Thatcher Demko with a rebound.
7:44 of 3rd period - Dylan Larkin and Max Pacioretty fight to a draw.
7:44 of 3rd period - Penalty to Dylan Larkin for Fighting.
7:44 of 3rd period - Penalty to Max Pacioretty for Fighting.
7:45 of 3rd period - Martin Necas wins face-off versus Logan Couture in Calgary Flames zone.
8:12 of 3rd period - Sebastian Aho is hit by Tyson Jost and loses puck.
8:41 of 3rd period - Snap shot by Joel Eriksson Ek.
8:41 of 3rd period - Shot Misses the Net.
8:43 of 3rd period - Slapshot by Jeremy Lauzon.
8:43 of 3rd period - Shot Blocked by Brady Skjei.
8:45 of 3rd period - Slapshot by Jeremy Lauzon.
8:45 of 3rd period - Shot Blocked by Filip Forsberg.
8:54 of 3rd period - Off-side.
8:55 of 3rd period - Logan Couture wins face-off versus Martin Necas in neutral zone.
8:58 of 3rd period - Wrist shot by Logan Couture.
8:58 of 3rd period - Stopped by Jacob Markstrom with a rebound.
9:04 of 3rd period - Snap shot by Timo Meier.
9:04 of 3rd period - Stopped by Jacob Markstrom with a rebound.
11:03 of 3rd period - Filip Hronek is hit by J.T. Miller and loses puck.
11:12 of 3rd period - Wrist shot by Patrik Laine.
11:12 of 3rd period - Shot Misses the Net.
11:14 of 3rd period - Wrist shot by Patrik Laine.
11:14 of 3rd period - Stopped by Thatcher Demko without a rebound.
11:15 of 3rd period - Martin Necas wins face-off versus Joel Eriksson Ek in Calgary Flames zone.
11:47 of 3rd period - Snap shot by Jack Quinn.
11:47 of 3rd period - Shot Misses the Net.
12:07 of 3rd period - Oskar Lindblom is hit by Sidney Crosby and loses puck.
13:32 of 3rd period - Wrist shot by Martin Necas.
13:32 of 3rd period - Stopped by Thatcher Demko with a rebound.
13:34 of 3rd period - Wrist shot by Martin Necas.
13:34 of 3rd period - Shot Misses the Net.
13:36 of 3rd period - Slapshot by Adam Fox.
13:36 of 3rd period - Deflect By Jake Evans.
13:36 of 3rd period - Shot Misses the Net.
13:36 of 3rd period - Puck is out of play.
13:37 of 3rd period - Tomas Nosek wins face-off versus Logan Couture in Calgary Flames zone.
13:38 of 3rd period - Wrist shot by Jack Quinn.
13:38 of 3rd period - Deflect By Logan Couture.
13:38 of 3rd period - Shot Blocked by Drew Doughty.
13:38 of 3rd period - Puck is out of play.
13:39 of 3rd period - Logan Couture wins face-off versus Tomas Nosek in Calgary Flames zone.
13:39 of 3rd period - Logan Couture is hit by Brady Skjei.
13:49 of 3rd period - Wrist shot by Valeri Nichushkin.
13:49 of 3rd period - Shot Blocked by Christian Fischer.
14:32 of 3rd period - Snap shot by Joel Eriksson Ek.
14:32 of 3rd period - Stopped by Jacob Markstrom without a rebound.
14:33 of 3rd period - Dylan Larkin wins face-off versus Mathieu Joseph in Montreal Canadiens zone.
14:38 of 3rd period - Dylan Larkin is hit by Mathieu Joseph and loses puck.
15:05 of 3rd period - Slapshot by Sebastian Aho.
15:05 of 3rd period - Deflect By J.T. Miller.
15:05 of 3rd period - Stopped by Jacob Markstrom with a rebound.
15:21 of 3rd period - Minor Penalty to Tyler Myers for Tripping.
15:22 of 3rd period - Sidney Crosby wins face-off versus Sebastian Aho in Montreal Canadiens zone.
16:26 of 3rd period - Minor Penalty to Jeff Petry for Cross-checking.
16:27 of 3rd period - Sebastian Aho wins face-off versus Sidney Crosby in Calgary Flames zone.
16:37 of 3rd period - Wrist shot by Sebastian Aho.
16:37 of 3rd period - Goal by Sebastian Aho - Calgary Flames : 5 - Montreal Canadiens : 0.
16:38 of 3rd period - Logan Couture wins face-off versus Dylan Larkin in neutral zone.
16:55 of 3rd period - Snap shot by Zach Hyman.
16:55 of 3rd period - Stopped by Jacob Markstrom with a rebound.
17:16 of 3rd period - Wrist shot by Sidney Crosby.
17:16 of 3rd period - Shot Blocked by Ryan Ellis.
17:18 of 3rd period - Wrist shot by Filip Forsberg.
17:18 of 3rd period - Shot Blocked by J.T. Miller.
17:21 of 3rd period - Penalty to Tyler Myers is over, Tyler Myers is back on ice.
17:32 of 3rd period - Slapshot by Adam Fox.
17:32 of 3rd period - Stopped by Thatcher Demko with a rebound.
18:26 of 3rd period - Penalty to Jeff Petry is over, Jeff Petry is back on ice.
19:40 of 3rd period - Snap shot by Jack Quinn.
19:40 of 3rd period - Stopped by Thatcher Demko without a rebound.
19:41 of 3rd period - Logan Couture wins face-off versus Tomas Nosek in Calgary Flames zone.
19:58 of 3rd period - Minor Penalty to Brady Skjei for Holding.
19:59 of 3rd period - Sebastian Aho wins face-off versus Sidney Crosby in Montreal Canadiens zone.
Goals for this period are 1 for Calgary Flames vs 0 for Montreal Canadiens.
Shots for this period are 9 for Calgary Flames vs 8 for Montreal Canadiens.
Back to the Top